 Dungeon Crawl Stone Soup version 0.28-a0-2-g643f2454ad (webtiles) character file.

Game seed: 17112588506125510445

72 robertstho the Sneak (level 4, 0/29 HPs)
             Began as an Octopode Brigand on July 22, 2021.
             Slain by a rat (1 damage)
             ... on level 3 of the Dungeon.
             The game lasted 00:01:59 (2202 turns).

robertstho the Sneak (Octopode Brigand)             Turns: 2202, Time: 00:02:00

Health: 0/29       AC: -3    Str: 11    XL:     4   Next: 25%
Magic:  0/4        EV: 13    Int: 13    God:
Gold:   46         SH:  0    Dex: 13    Spells: 3/3 levels left

rFire   . . .      SeeInvis .   a - +2 dagger
rCold   . . .      Faith    .   (no shield)
rNeg    . . .      Spirit   +   (helmet restricted)
rPois   .          Reflect  .   l - amulet of guardian spirit
rElec   .          Harm     .   (no ring)
rCorr   .          Rampage  .   (no ring)
Will    .....                   (no ring)
Stlth   ++++......              (no ring)
HPRegen 0.09/turn               (no ring)
MPRegen 0.09/turn               (no ring)
                                (no ring)
                                (no ring)

@: corroded
A: almost no armour, amphibious, 8 rings, camouflage 1, gelatinous body 1,
(nimble swimmer 1), tentacles
a: no special abilities


You were on level 3 of the Dungeon.
You visited 1 branch of the dungeon, and saw 3 of its levels.

You collected 46 gold pieces.

Inventory:

Hand Weapons
 a - a +2 dagger (weapon)
Missiles
 b - 8 poisoned darts (quivered)
 c - 2 curare-tipped darts
Jewellery
 l - an amulet of guardian spirit (around mantle)
Scrolls
 d - 3 scrolls of noise {unknown}
 e - 2 scrolls of identify {unknown}
 f - a scroll of blinking {unknown}
 g - a scroll of fog {unknown}
 h - a scroll of enchant armour {unknown}
 i - 3 scrolls of fear {unknown}
 j - a scroll of immolation {unknown}
 m - a scroll of silence {unknown}
Potions
 k - a potion of resistance {unknown}
 n - a potion of brilliance {unknown}
 o - a potion of curing {unknown}


   Skills:
 * Level 2.2 Fighting
 + Level 2.3 Short Blades
 + Level 2.0 Throwing
 + Level 1.2 Dodging
 * Level 7.3 Stealth


You had 3 spell levels left.
You didn't know any spells.
Your spell library contained the following spells:

 Spells                   Type           Power      Damage    Failure   Level
 Animate Skeleton         Necr           0%         N/A       30%         1
 Apportation              Tloc           0%         N/A       30%         1
 Corona                   Hex            0%         N/A       30%         1
 Summon Small Mammal      Summ           0%         N/A       30%         1
 Summon Guardian Golem    Hex/Summ       0%         N/A       67%         3
 Orb of Destruction       Conj           0%         N/A       100%        7
 Spellforged Servitor     Conj/Summ      0%         N/A       100%        7


Dungeon Overview and Level Annotations

Branches:
Dungeon (3/15)

Altars:
Ashenzari

Shops:
D:2 *


Innate Abilities, Weirdness & Mutations

You cannot wear most types of armour.
You are amphibious.
You can wear up to eight rings at the same time.
Your skin changes colour to match your surroundings (Stealth+).
Your rubbery body absorbs attacks. (AC +1, EV +1)
((You are camouflaged near water. (Stealth+)))
You have tentacles for arms and can constrict up to eight enemies at once.


Message History

The jelly closely misses you. The ball python barely misses you.
The ball python completely misses you.
You hit the jelly.
Your tentacles burn!
The jelly is lightly wounded.
The ball python barely misses you. The ball python closely misses you.
The jelly closely misses you.
You hit the jelly.
Your tentacles burn!
The jelly is moderately wounded.
The ball python closely misses you. The ball python grabs you.
The ball python constricts you. The jelly hits you but does no damage.
You hit the ball python.
You kill the ball python!
The jelly closely misses you.
You hit the jelly.
Your tentacles burn!
The jelly is heavily wounded.
The rat bites you. The jelly misses you.
You hit the jelly.
Your tentacles burn!
The jelly is severely wounded.
The rat closely misses you.
You hit the jelly. The acid corrodes you!
Your tentacles burn!
The jelly is severely wounded.
The jelly misses you. The rat bites you.
You hit the jelly.
Your tentacles burn!
You squeeze the jelly, but do no damage.
The jelly is almost dead.
The jelly hits you.
You are splashed with acid!
* * * LOW HITPOINT WARNING * * *
The rat misses you.
You are too injured to fight recklessly!
You are too injured to fight recklessly!
You are too injured to fight recklessly!
You hit the jelly but do no damage.
Your tentacles burn!
* * * LOW HITPOINT WARNING * * *
The jelly is almost dead.
The jelly closely misses you.
You hit the jelly.
Your tentacles burn!
* * * LOW HITPOINT WARNING * * *
The jelly is almost dead.
The rat bites you.
You die...

#. #.....<..#
#.####........#
#.#......#.###########
#.#.######.###........
#..........##.........
###.########..........
#...# ##...........
#...# ##............
#...# #....(@J......
###...###.....r.......
#.......#.......#..#..
#.....#.'........##[..
#.....#.'........# ..
#....####.......#.. .
###+# #...........
#...........
##........


You could see a jelly and a rat.

Vanquished Creatures
  An adder (D:2)
  A worm (D:2)
  4 dart slugs
  7 ball pythons
  4 endoplasms
  3 giant cockroaches
  2 hobgoblins
  8 jackals (D:1)
  A quokka (D:2)
  5 bats
  2 frilled lizards
  5 goblins
  A kobold (D:1)
  2 rats (D:1)
46 creatures vanquished.

Notes
Turn   | Place    | Note
-------+----------+-------------------------------------------
     0 | D:1      | robertstho the Octopode Brigand began the quest for the
                  | Orb.
     0 | D:1      | Reached XP level 1. HP: 14/14 MP: 1/1
   263 | D:1      | Reached XP level 2. HP: 19/19 MP: 2/2
   268 | D:1      | Reached skill level 6 in Stealth
   899 | D:1      | Reached XP level 3. HP: 23/24 MP: 3/3
  1525 | D:2      | Found a broken altar of Ashenzari.
  1612 | D:2      | Found Quynoc's Assorted Antiques.
  1671 | D:2      | Reached skill level 7 in Stealth
  1671 | D:2      | Reached XP level 4. HP: 14/29 MP: 4/4
  2202 | D:3      | HP: 1/29 [acid (4)]
  2202 | D:3      | Slain by a rat

Illustrated notes

Levels and vault maps discovered:
D:1:      minmay_arrival_stone_box, layout_basic
D:2:      layout_rooms, basic_altar, serial_shops, shop
D:3:      kennysheep_big_flooded_room, layout_basic, uniq_robin

Skill      XL: |  1  2  3 |
---------------+----------+-----
Stealth        | 6 7 |  7.3
Fighting       | |  2.2
Short Blades   | |  2.3
Throwing       | |  2.0
Dodging        | |  1.2

Action                   |  1- 3 |  4- 6 || total
-------------------------+-------+-------++-------
Melee: Dagger            |    57 |    24 ||    81
       Tentacles         |    11 |     4 ||    15
       Constrict         |     9 |     3 ||    12
 Stab: Sleeping          |    24 |     2 ||    26
Armor: Skin              |     3 |     2 ||     5
Dodge: Dodged            |    17 |    17 ||    34

Table legend: (Time is in decaauts)
 A = Elapsed time spent in this place.
 B = Non-inter-level travel time spent in this place.
 C = Inter-level travel time spent in this place.
 D = Time resting spent in this place.
 E = Time spent auto-exploring this place.
 F = Levels seen in this place.
 G = Mean time per level.
                   A        B        C        D        E       F      G
               +--------+--------+--------+--------+--------+-----+--------+
         Total |   2193 |   2123 |     70 |      0 |   1855 |   3 |  731.0 |
       Dungeon |   2193 |   2123 |     70 |      0 |   1855 |   3 |  731.0 |
               +--------+--------+--------+--------+--------+-----+--------+

Top non-repeatable levels by time:
     D:1: 1474 daAuts
     D:2: 677 daAuts
     D:3: 41 daAuts
